 Dungeon Crawl Stone Soup version 0.22-a0-274-gf8199ec (webtiles) character file.

4065 Amnesiac the Nimble (level 10, -2/79 HPs)
             Began as a Mummy Wizard on Mar 13, 2018.
             Slain by a troll (8 damage)
             ... on level 8 of the Dungeon.
             The game lasted 00:27:54 (10637 turns).

Amnesiac the Nimble (Mummy Wizard)                 Turns: 10637, Time: 00:27:55

Health: -2/79      AC:  9    Str: 13    XL:     10   Next: 5%
Magic:  2/17       EV: 16    Int: 20    God:
Gold:   309        SH:  6    Dex: 11    Spells: 8/19 levels left

rFire    . . .     SeeInvis .   r - +2 whip (elec)
rCold    + . .     Gourm    .   j - +2 buckler
rNeg     + + +     Faith    .   n - +1 leather armour {rF+}
rPois    ∞         Spirit   .   (no helmet)
rElec    .         Reflect  .   u - +2 cloak {+Inv}
rCorr    .         Harm     .   o - +0 pair of gloves
MR       +....                  i - +0 pair of boots
Stlth    +.........             (no amulet)
HPRegen  0.23/turn              p - +2 ring of strength
MPRegen  0.15/turn              (no ring)

@: very slightly contaminated
A: no food or potions, fire vulnerability, cold resistance 1, negative energy
resistance 3, torment resistance, unbreathing
a: Evoke Invisibility


You were on level 8 of the Dungeon.
You were not hungry.

You visited 2 branches of the dungeon, and saw 9 of its levels.

You collected 451 gold pieces.
You spent 142 gold pieces at shops.

Inventory:

Hand Weapons
 m - the +1 whip of Ytzoent {speed, Str+4}
   (You found it on level 4 of the Dungeon)

   Attacks with this weapon are significantly faster.
   It affects your strength (+4).
 r - a +2 whip of electrocution (weapon)
Missiles
 d - 131 arrows
Armour
 i - a +0 pair of boots (worn)
 j - a +2 buckler (worn)
 n - a +1 leather armour of fire resistance (worn)
 o - a +0 pair of gloves (worn)
 u - a +2 cloak of invisibility (worn)
Jewellery
 p - a +2 ring of strength (left hand)
Wands
 q - a wand of clouds (4)
 t - a wand of disintegration (9)
 v - a wand of polymorph (14)
Scrolls
 b - 2 scrolls of teleportation {!r}
 c - a scroll of magic mapping {!r}
 e - 5 scrolls of blinking {!r}
 f - 8 scrolls of remove curse {!r}
 h - 2 scrolls of enchant weapon {!r}
 l - 2 scrolls of amnesia {!r}
 s - 2 scrolls of enchant armour {!r}


   Skills:
 + Level 7.4 Fighting
 * Level 9.3 Dodging
 - Level 1.5 Stealth
 - Level 4.3 Shields
 - Level 5.0 Spellcasting
 - Level 1.0 Conjurations
   Level 0.7 Summonings
 - Level 0.7 Translocations


You had 8 spell levels left.
You knew the following spells:

 Your Spells              Type           Power        Failure   Level  Hunger
a - Magic Dart            Conj           #...         10%         1    N/A
b - Sticks to Snakes      Tmut           #.......     22%         2    N/A
e - Mephitic Cloud        Conj/Pois/Air  #.......     36%         3    N/A
s - Conjure Flame         Conj/Fire      #.......     34%         3    N/A
v - Blink                 Tloc           N/A          17%         2    N/A

Dungeon Overview and Level Annotations

Branches:
Dungeon (8/15)             Temple (1/1) D:6            Lair (0/6) D:8

Altars:
Ashenzari
Cheibriados
Dithmenos
Elyvilon
Fedhas
Hepliaklqana
Kikubaaqudgha
Makhleb
Nemelex Xobeh
Okawaru
Qazlal
Ru
Trog
Uskayaw
Vehumet
Wu Jian
Xom
Yredelemnul
Zin
The Shining One

Shops:
D:6 (   D:8 *

Annotations:
D:3 Grinder
D:6 exclusion: 2 doors


Innate Abilities, Weirdness & Mutations

You do not eat or drink.
Your flesh is vulnerable to fire.
You are immune to poison.
Your flesh is cold resistant. (rC+)
You are immune to negative energy. (rN+++)
You are immune to unholy pain and torment.
You can survive without breathing.


Message History

The troll is lightly wounded.
You hit the troll.
The troll is lightly wounded.
The troll seems less confused.
The troll misses you. The troll claws you!
* * * LOW HITPOINT WARNING * * *
The troll claws you.
* * * LOW HITPOINT WARNING * * *
You closely miss the troll.
The troll is lightly wounded.
The troll bites you but does no damage. The troll barely misses you.
The troll claws you but does no damage.
You hit the troll.
The troll is lightly wounded.
The troll closely misses you. The troll claws you!
* * * LOW HITPOINT WARNING * * *
You block the troll's attack. The troll misses you.
The troll barely misses you. The troll misses you.
You hit the troll but do no damage.
The troll is lightly wounded.
The troll barely misses you. You block the troll's attack.
The troll closely misses you.
Casting: Mephitic Cloud (slightly dangerous; 36% risk of failure)
Confirm with . or Enter, or press ? or * to list all spells.
Aiming: Mephitic Cloud (slightly dangerous; 36% risk of failure)
Press: ? - help, Shift-Dir - straight line, f/p - troll
Aim: a troll (lightly wounded)
The ball explodes into a vile cloud!
The stinking cloud engulfs the troll.
The troll is lightly wounded.
The stinking cloud engulfs you!
The troll is engulfed in noxious fumes.
The troll bites you!
* * * LOW HITPOINT WARNING * * *
The troll closely misses you. You block the troll's attack.
You hit the troll but do no damage.
The troll is lightly wounded.
The troll is engulfed in noxious fumes.
The troll barely misses you. The troll misses you. x2
You closely miss the troll.
The troll is lightly wounded.
The troll is engulfed in noxious fumes.
The troll appears confused.
The troll barely misses you. You block the troll's attack.
The troll claws you but does no damage.
You hit the troll.
The troll is lightly wounded.
The troll is engulfed in noxious fumes.
The troll appears confused.
You hit the troll.
The troll is moderately wounded.
Casting: Mephitic Cloud (slightly dangerous; 36% risk of failure)
Confirm with . or Enter, or press ? or * to list all spells.
Aiming: Mephitic Cloud (slightly dangerous; 36% risk of failure)
Press: ? - help, Shift-Dir - straight line, f/p - troll
Aim: a troll (lightly wounded, confused)
The ball explodes into a vile cloud!
The stinking cloud engulfs the troll.
The troll is lightly wounded.
The troll is engulfed in noxious fumes.
The troll appears confused.
You whack the troll!
The troll is moderately wounded.
The troll is engulfed in noxious fumes.
The troll is engulfed in noxious fumes.
You hit the troll.
The troll is heavily wounded.
The troll bites you!
* * * LOW HITPOINT WARNING * * *
The troll misses you. The troll claws you!
You die...

#..(###.#......#......##.#
#.......#......###....##.#
##......a......# #.##.##.#
##.############ #.......#
#.####### ####.####
#.......# #.# #).(..#)#
######.#
##....#(######......#
#.#....).T@...######
#.####.######## #.####.#
#......# ########


You could see a troll (confused).

Vanquished Creatures
  The ghost of anet the Fighter, a novice GnWn of Ashenzari (D:5)
  Pikel (D:6)
  Maurice (D:7)
  Joseph (D:8)
  Sigmund (D:5)
  4 slaves (D:5)
  An ice beast (D:6)
  2 sky beasts
  2 orc warriors
  A phantom (D:7)
  5 ogres
  2 wolves (D:8)
  A centaur (D:6)
  A big kobold (D:8)
  Blork the orc (D:6)
  3 bullfrogs
  2 scorpions
  4 electric eels
  A howler monkey (D:5)
  2 crimson imps (D:7)
  A centaur zombie (D:8)
  A jelly (D:6)
  5 hounds
  2 orc priests
  A centaur skeleton (D:8)
  A gnoll shaman (D:4)
  2 orc wizards (D:5)
  Crazy Yiuf (D:7)
  An iguana (D:7)
  3 worker ants
  A killer bee zombie (D:6)
  A worker ant zombie (D:5)
  9 adders
  3 gnolls
  A shadow imp (D:6)
  3 oozes
  An adder zombie (D:5)
  4 worms
  4 dart slugs
  4 leopard geckos
  15 orcs
  2 ball pythons
  4 giant cockroaches
  2 gnoll zombies (D:3)
  3 goblins
  9 hobgoblins
  5 jackals
  A quokka (D:6)
  7 bats
  7 frilled lizards
  A jackal zombie (D:5)
  20 kobolds
  A leopard gecko skeleton (D:7)
  A leopard gecko zombie (D:5)
  2 quokka skeletons
  A quokka zombie (D:8)
  6 rats
173 creatures vanquished.

Vanquished Creatures (collateral kills)
  A gnoll (D:4)
  2 jackals (D:1)
3 creatures vanquished.

Vanquished Creatures (others)
  A worker ant (D:6)
1 creature vanquished.

Grand Total: 177 creatures vanquished

Notes
Turn   | Place    | Note
-------+----------+-------------------------------------------
     0 | D:1      | Amnesiac the Mummy Wizard began the quest for the Orb.
     0 | D:1      | Reached XP level 1. HP: 13/13 MP: 5/5
    38 | D:1      | Reached skill level 1 in Conjurations
   527 | D:1      | Reached XP level 2. HP: 17/19 MP: 3/7
   974 | D:2      | Learned a level 2 spell: Sticks to Snakes
  1220 | D:1      | Reached skill level 5 in Spellcasting
  1729 | D:2      | Noticed an ogre
  1960 | D:2      | Reached XP level 3. HP: 25/25 MP: 2/9
  2105 | D:2      | Reached skill level 2 in Dodging
  2117 | D:2      | Found a white marble altar of Elyvilon.
  2126 | D:2      | Learned a level 2 spell: Blink
  2130 | D:2      | Learned a level 3 spell: Mephitic Cloud
  2134 | D:2      | Learned a level 3 spell: Conjure Flame
  2964 | D:2      | Killed an ogre
  2964 | D:2      | Reached skill level 1 in Fighting
  2964 | D:2      | Reached XP level 4. HP: 32/32 MP: 1/11
  3336 | D:3      | Reached skill level 3 in Dodging
  3606 | D:3      | Found a basalt altar of Yredelemnul.
  3675 | D:3      | Found a sacrificial altar of Ru.
  3676 | D:3      | Reached XP level 5. HP: 38/38 MP: 9/12
  3837 | D:3      | Noticed Grinder
  3893 | D:3      | Paralysed by Grinder for 7 turns
  3914 | D:3      | Paralysed by Grinder for 7 turns
  4840 | D:4      | Noticed an ogre
  4897 | D:4      | Killed an ogre
  4897 | D:4      | Reached skill level 1 in Shields
  4897 | D:4      | Reached XP level 6. HP: 40/46 MP: 1/13
  5099 | D:4      | Got a smoking whip
  5104 | D:4      | Identified the cursed +1 whip of Ytzoent {speed, Str+4} (You found it on level 4 of the Dungeon)
  5655 | D:5      | Entered Level 5 of the Dungeon
  5655 | D:5      | Noticed anet's ghost (novice GnWn)
  5789 | D:5      | Reached skill level 4 in Dodging
  5980 | D:5      | Found a shattered altar of Ashenzari.
  6128 | D:5      | Noticed Sigmund
  6155 | D:5      | Reached XP level 7. HP: 51/51 MP: 4/14
  6183 | D:5      | Killed Sigmund
  6428 | D:5      | Killed anet's ghost
  6428 | D:5      | Reached skill level 5 in Dodging
  6428 | D:5      | Reached XP level 8. HP: 13/60 MP: 2/15
  6965 | D:5      | Found a shadowy altar of Dithmenos.
  6980 | D:5      | Noticed Pikel
  7466 | D:6      | Noticed Blork the orc
  7511 | D:6      | Killed Blork the orc
  7565 | D:6      | Killed Pikel
  7565 | D:6      | Reached skill level 5 in Fighting
  7565 | D:6      | Reached skill level 6 in Dodging
  7623 | D:6      | Found a blossoming altar of Fedhas.
  7867 | D:6      | Reached skill level 7 in Dodging
  7986 | D:6      | Reached XP level 9. HP: 23/68 MP: 2/16
  8286 | D:6      | Found a staircase to the Ecumenical Temple.
  8299 | D:6      | Found Moem's Weapon Shoppe.
  8303 | Temple   | Entered the Ecumenical Temple
  8572 | D:6      | Found a snail-covered altar of Cheibriados.
  9080 | D:7      | Reached skill level 8 in Dodging
  9470 | D:7      | Found a runed door.
  9474 | D:7      | Noticed Crazy Yiuf
  9487 | D:7      | Killed Crazy Yiuf
  9604 | D:8      | Noticed Maurice
  9652 | D:7      | Killed Maurice
  9703 | D:8      | Found Iroaweng's General Store.
  9706 | D:8      | Bought a scroll of enchant armour for 112 gold pieces
  9706 | D:8      | Bought a scroll of identify for 30 gold pieces
  9810 | D:8      | Noticed a troll
  9899 | D:8      | Reached skill level 9 in Dodging
 10170 | D:8      | Noticed Joseph
 10221 | D:8      | Killed Joseph
 10221 | D:8      | Reached XP level 10. HP: 42/79 MP: 5/17
 10434 | D:8      | Found a staircase to the Lair.
 10637 | D:8      | Slain by a troll

Vault maps used:
D:1:      dpeg_arrival_erosion
D:2:      elyvilon_altar_5
D:3:      overflow_temple_1_default, lemuel_zombie_altar_yredelemnul,
          uniq_grinder
D:5:      ashenzari_altar_1, lemuel_doored_altar, first_ration,
          bh_walls_and_bars, uniq_sigmund, uniq_pikel
D:6:      minmay_goblin_kobold_castle, fedhas_altar_2, cheibrodos_worm_habitat,
          temple_fountains, serial_shops, nicolae_shop_statue_plus,
          uniq_eustachio, uniq_blork_the_orc
D:7:      uniq_crazy_yiuf_cottage
D:8:      erik_lair_island, serial_shops, nicolae_shop_behind_doors,
          uniq_maurice, uniq_joseph
Temple:   jpeg_temple_clearing

Skill      XL: |  1  2  3  4  5  6  7  8  9 |
---------------+----------------------------+-----
Conjurations   | 1 |  1.0
Spellcasting   | 5 |  5.0
Dodging        | 2 3 4 5 7 9 |  9.3
Fighting       | 1 2 3 5 7 |  7.4
Shields        | 1 3 4 |  4.3
Stealth        | |  1.5
Summonings     | |  0.7
Translocations | |  0.7

Action                   |  1- 3 |  4- 6 |  7- 9 | 10-12 || total
-------------------------+-------+-------+-------+-------++-------
Melee: Unarmed           |    10 |     5 |       |       ||    15
       Rapier            |       |    33 |       |       ||    33
       Whip              |       |   113 |   405 |    24 ||   542
 Cast: Magic Dart        |   130 |    63 |    59 |     5 ||   257
       Sticks to Snakes  |     2 |     3 |     6 |     3 ||    14
       Mephitic Cloud    |     1 |    15 |    42 |     3 ||    61
       Conjure Flame     |       |     9 |    11 |     1 ||    21
       Blink             |       |       |     1 |       ||     1
  Use: Scroll            |       |     1 |     8 |       ||     9
 Stab: Confused          |       |     5 |    21 |     1 ||    27
       Sleeping          |       |     3 |     2 |       ||     5
       Distracted        |       |       |     2 |       ||     2
Armor: Robe              |     8 |    16 |       |       ||    24
       Leather armour    |       |     5 |    87 |     9 ||   101
Dodge: Dodged            |    55 |    65 |   251 |    25 ||   396
Block: Buckler           |       |    15 |   110 |     6 ||   131

Table legend:
 A = Spawn XP
 B = Non-spawn XP
 C = Spawn XP percentage of total XP
 D = Spawn monster count
 E = Non-spawn monster count
 F = Spawn count percentage of total count
 G = Total turns spent on level
                    A         B        C        D         E        F      G
               +---------+---------+-------+---------+---------+-------+---------
         Total |       0 |    5808 |   0.0 |       0 |     173 |   0.0 | 10637
               +---------+---------+-------+---------+---------+-------+---------
           D:1 |       0 |      30 |   0.0 |       0 |      19 |   0.0 |  1478
           D:2 |       0 |     113 |   0.0 |       0 |      15 |   0.0 |  1756
           D:3 |       0 |      82 |   0.0 |       0 |      22 |   0.0 |  1322
           D:4 |       0 |     314 |   0.0 |       0 |      17 |   0.0 |  1180
           D:5 |       0 |    1259 |   0.0 |       0 |      22 |   0.0 |  1728
           D:6 |       0 |    1417 |   0.0 |       0 |      32 |   0.0 |  1327
           D:7 |       0 |    1198 |   0.0 |       0 |      22 |   0.0 |   652
           D:8 |       0 |    1309 |   0.0 |       0 |      23 |   0.0 |  1045
        Temple |       0 |      86 |   0.0 |       0 |       1 |   0.0 |   149
               +---------+---------+-------+---------+---------+-------+---------
